 Dungeon Crawl Stone Soup version 0.17-a0-1840-g87820a2 (webtiles) character file.

75 Horrz the Ruffian (level 4, 0/45 HPs)
             Began as a Troll Monk on Sept 16, 2015.
             Slain by Crazy Yiuf
             ... wielding a +4 quarterstaff of chaos
              (9 damage)
             ... while paralysed by Crazy Yiuf
             ... on level 2 of the Dungeon.
             The game lasted 00:07:13 (1386 turns).

Horrz the Ruffian (Troll Monk)                      Turns: 1386, Time: 00:07:13

Health: 0/45       AC:  5    Str: 20    XL:     4   Next: 11%
Magic:  0/3        EV:  1    Int:  6    God:
Gold:   14         SH:  0    Dex: 12    Spells: 0 memorised, 3 levels left

rFire  + . .     SeeInvis .       - Unarmed
rCold  x . .     Clarity  .     a - +0 robe
rNeg   . . .     SustAt   +     (no shield)
rPois  .         Gourm    +     (helmet restricted)
rElec  .         Spirit   .     (no cloak)
rCorr  .         Warding  .     (gloves unavailable)
rMut   .         Stasis   .     (boots unavailable)
MR     .....                    (no amulet)
Stlth  +.........               k - ring of fire
                                g - ring of sustain attributes

@: paralysed, drained, not resistant to hostile enchantments, very unstealthy
A: unfitting armour, claws 3, fast metabolism 3, gourmand, regeneration 2,
shaggy fur 1, tough skin 2
a: no special abilities


You were on level 2 of the Dungeon.
You were completely stuffed.

You visited 1 branch of the dungeon, and saw 2 of its levels.

You collected 14 gold pieces.

Inventory:

Missiles
 e - 96 stones (quivered)
Armour
 a - a +0 robe (worn)
Jewellery
 g - a ring of sustain attributes (left claw)
 k - a ring of fire (right claw)
Scrolls
 d - a scroll of enchant armour {unknown}
 j - 2 scrolls of blinking {unknown}
 n - a scroll of teleportation {unknown}
Potions
 c - a potion of might {unknown}
 f - a potion of haste
 h - a potion of agility {unknown}
 i - a potion of brilliance {unknown}
 m - a potion of resistance {unknown}
Comestibles
 b - 3 bread rations


   Skills:
 + Level 3.0(2.8) Fighting
 + Level 1.2(0.9) Armour
 + Level 2.9(2.7) Dodging
 - Level 1.1(0.8) Stealth
 + Level 4.4(4.1) Unarmed Combat


You had 3 spell levels left.
You didn't know any spells.

Dungeon Overview and Level Annotations

Branches:
Dungeon (2/15)

Altars:
Ru

Annotations:
D:2 Crazy Yiuf


Innate Abilities, Weirdness & Mutations

You are too large for most types of armour.
You have claws for hands.
Your metabolism is lightning-fast.
You like to eat raw meat.
You heal very quickly.
You are covered in fur (AC +1).
You have very tough skin (AC +2).


Message History

Crazy Yiuf says, "Aardvark!
Rifle hand turtle."
Found a mace.
Crazy Yiuf drinks a potion.
Crazy Yiuf seems to speed up.
There is an open door here.
Crazy Yiuf hits you with a quarterstaff of chaos.
You feel drained.
You claw Crazy Yiuf!
Crazy Yiuf is severely wounded.
Crazy Yiuf hits you with a quarterstaff of chaos!
You suddenly lose the ability to move!
Crazy Yiuf grits, "Ten Orb Guardian aubergine!"
Crazy Yiuf hits you with a quarterstaff of chaos.
Crazy Yiuf hits you with a quarterstaff of chaos!
Crazy Yiuf burns you.
Crazy Yiuf hits you with a quarterstaff of chaos.
Crazy Yiuf hits you with a quarterstaff of chaos!
* * * LOW HITPOINT WARNING * * *
You feel your power leaking away.
Crazy Yiuf hits you with a quarterstaff of chaos!
You die...

#.# #.# #.#
#.
#.######.#
#.# #.
#........#
#.# #.
##########
##.###### #.
#.....()# #.
#####
#..####.# #.
#..)# ####
#.# #. #.g.#
#.# #. #.@.#
##.###.
##'##
#...... ♣♣.♣
#..#### ♣.♣♣
######..####
♣♣.♣
#........>..
♣.♣♣
######...###
♣♣.♣♣ #...#
# ♣...♣♣
######...###
♣....♣
#..........>


You could see Crazy Yiuf.

Vanquished Creatures
  3 adders (D:2)
  An ooze (D:2)
  A giant gecko (D:2)
  4 bats
  2 giant cockroaches
  5 hobgoblins
  5 jackals (D:2)
  A quokka (D:1)
  2 ball pythons (D:2)
  A giant newt (D:1)
  7 goblins
  4 kobolds
  4 rats
40 creatures vanquished.

Notes
Turn   | Place    | Note
--------------------------------------------------------------
     0 | D:1      | Horrz the Troll Monk began the quest for the Orb.
     0 | D:1      | Reached XP level 1. HP: 22/22 MP: 0/0
   255 | D:1      | Reached XP level 2. HP: 25/29 MP: 1/1
   781 | D:2      | Reached XP level 3. HP: 32/36 MP: 2/2
   884 | D:2      | Found a sacrificial altar of Ru.
   958 | D:2      | Reached skill level 1 in Armour
  1353 | D:2      | Reached XP level 4. HP: 34/45 MP: 3/3
  1379 | D:2      | Noticed Crazy Yiuf
  1382 | D:2      | Paralysed by Crazy Yiuf for 4 turns
  1386 | D:2      | Slain by Crazy Yiuf

Vault maps used:
D:1:      minmay_arrival_floating_metal
D:2:      nicolae_ru_great_annihilating_truth, first_bread,
          hangedman_decor_lopped, uniq_crazy_yiuf_cottage

Action                   |  1- 3 |  4- 6 || total
-------------------------+-------+-------++-------
Melee: Unarmed           |   125 |     1 ||   126
 Stab: Sleeping          |     3 |       ||     3
       Paralysed         |     1 |       ||     1
  Eat: Chunk             |    16 |     2 ||    18
